 Dungeon Crawl Stone Soup version 0.29-a0-334-gb41bcbb86e (webtiles) character file.

Game seed: 14927942890793187774

130 siradein the Skirmisher (level 5, 0/47 HPs)
             Began as a Hill Orc Fighter on Apr 13, 2022.
             Succumbed to a kobold brigand's curare-tipped dart
             ... on level 4 of the Dungeon.
             The game lasted 00:03:58 (1257 turns).

siradein the Skirmisher (Hill Orc Fighter)          Turns: 1257, Time: 00:03:59

Health: 0/47       AC: 10    Str: 21    XL:     5   Next: 13%
Magic:  5/5        EV:  7    Int:  8    God:
Gold:   108        SH:  4    Dex: 10    Spells: 4/4 levels left

rFire   . . .      SeeInvis .   a - +0 war axe
rCold   . . .      Faith    .   c - +0 buckler
rNeg    . . .      Spirit   .   h - +0 chain mail
rPois   .          Reflect  .   l - +0 helmet
rElec   .          Harm     .   (no cloak)
rCorr   .          Rampage  .   (no gloves)
Will    .....                   (no boots)
Stlth   ..........              (no amulet)
HPRegen 0.15/turn               (no ring)
MPRegen 0.09/turn               (no ring)

@: lethally poisoned (0 -> -5), slowed, very slow
A: no striking features
a: no special abilities


You were on level 4 of the Dungeon.
You visited 1 branch of the dungeon, and saw 3 of its levels.

You collected 108 gold pieces.

Inventory:

Hand Weapons
 a - a +0 war axe (weapon)
Armour
 c - a +0 buckler (worn)
 h - a +0 chain mail (worn)
 l - a +0 helmet (worn)
Scrolls
 b - a scroll of vulnerability {unknown}
 e - a scroll of noise {unknown}
 f - 4 scrolls of enchant armour {unknown}
 g - 2 scrolls of teleportation {unknown}
 i - a scroll of summoning {unknown}
 k - a scroll of identify {unknown}
Potions
 d - a potion of might
 j - a potion of berserk rage {unknown}


   Skills:
 + Level 4.6 Fighting
 + Level 4.1 Axes
 + Level 4.2 Armour
 + Level 4.2 Shields


You had 4 spell levels left.
You didn't know any spells.
Your spell library contained the following spells:

 Spells                   Type           Power      Damage    Failure   Level
 Magic Dart               Conj           0%         1d3       99%         1
 Searing Ray              Conj           0%         2d4       100%        2
 Fulminant Prism          Conj/Hex       0%         3d6       100%        4


Dungeon Overview and Level Annotations

Branches:
Dungeon (2/15)

Altars:


Message History

The hobgoblin closely misses you.
The hobgoblin hits you but does no damage.
You closely miss the hobgoblin.
The hobgoblin is severely wounded.
The hobgoblin barely misses you.
You barely miss the hobgoblin.
The hobgoblin is severely wounded.
You block the hobgoblin's attack. x2
You slash the hobgoblin!
You kill the hobgoblin!
You see here a hobgoblin corpse.
Items here: ) [[ †.
Okay, then.
You start putting on your armour.
You continue putting on your +0 helmet. x4
You finish putting on your +0 helmet.
You start resting.
HP restored.
A kobold brigand comes into view.
It is wielding a +0 whip and quivering curare-tipped darts.
The kobold brigand throws a curare-tipped dart.
The curare-tipped dart hits you.
You are poisoned.
You have difficulty breathing.
You feel yourself slow down.
You feel very sick.
You feel very sick.
The kobold brigand throws a curare-tipped dart.
The curare-tipped dart hits you.
You are more poisoned.
You have difficulty breathing.
You feel as though you will be slow longer.
* * * LOW HITPOINT WARNING * * *
You feel extremely sick.
* * * LOW HITPOINT WARNING * * *
You feel very sick.
* * * LOW HITPOINT WARNING * * *
You feel very sick.
* * * LOW HITPOINT WARNING * * *
You feel sick.
* * * LOW HITPOINT WARNING * * *
You feel sick.
You die...

### #.. #.# #.# #.#
......#.###
#.....#@..#
#.....###.# #.....#
#.# #.....# #.#
#.....###.#
###........K##
#............######
#.......##........#
+.......##.#......#


There were no monsters in sight!

Vanquished Creatures
  A phantom (D:4)
  Robin (D:4)
  3 ball pythons
  An endoplasm (D:4)
  2 giant cockroaches (D:1)
  10 goblins
  5 hobgoblins
  4 jackals (D:1)
  3 quokkas (D:1)
  3 bats (D:1)
  A frilled lizard (D:1)
  3 kobolds
  2 rats (D:1)
39 creatures vanquished.

Notes
Turn   | Place    | Note
-------+----------+-------------------------------------------
     0 | D:1      | siradein the Hill Orc Fighter began the quest for the Orb.
     0 | D:1      | Reached XP level 1. HP: 19/19 MP: 1/1
    55 | D:1      | Found a faded altar of an unknown god.
    68 | D:1      | Reached XP level 2. HP: 26/27 MP: 2/2
   470 | D:1      | Reached XP level 3. HP: 33/33 MP: 3/3
   858 | D:2      | You fall into a shaft and drop 2 floors!
   862 | D:4      | Noticed a phantom
   874 | D:4      | Noticed Robin
   881 | D:4      | Killed a phantom
   882 | D:4      | Reached XP level 4. HP: 20/41 MP: 4/4
   893 | D:4      | Reached XP level 5. HP: 21/47 MP: 5/5
   896 | D:4      | Killed Robin
  1247 | D:4      | Noticed a kobold brigand
  1256 | D:4      | HP: 1/47 [poisoned by a kobold brigand (curare-tipped
                  | dart)]
  1257 | D:4      | Succumbed to a kobold brigand's curare-tipped dart

Illustrated notes

Levels and vault maps discovered:
D:1:      minmay_arrival_open_corners, layout_basic, basic_ecumenical_altar,
          hangedman_decor_lopped
D:2:      layout_loops_corners, minivault_11
D:4:      layout_basic, minmay_hedge_maze, uniq_eustachio, uniq_robin,
          uniq_grinder

Skill      XL: |  1  2  3 |
---------------+----------+-----
Axes           | 3 4 |  4.1
Fighting       | 4 |  4.6
Armour         | 4 |  4.2
Shields        | 4 |  4.2

Action                   |  1- 3 |  4- 6 || total
-------------------------+-------+-------++-------
Melee: War axe           |    74 |    27 ||   101
Armor: Scale mail        |    24 |       ||    24
       Chain mail        |    35 |    22 ||    57
Dodge: Dodged            |    54 |     9 ||    63
Block: Buckler           |    35 |     9 ||    44

Table legend: (Time is in decaauts)
 A = Elapsed time spent in this place.
 B = Non-inter-level travel time spent in this place.
 C = Inter-level travel time spent in this place.
 D = Time resting spent in this place.
 E = Time spent auto-exploring this place.
 F = Levels seen in this place.
 G = Mean time per level.
                   A        B        C        D        E       F      G
               +--------+--------+--------+--------+--------+-----+--------+
         Total |   1298 |   1282 |     16 |    251 |    772 |   3 |  432.7 |
       Dungeon |   1298 |   1282 |     16 |    251 |    772 |   3 |  432.7 |
               +--------+--------+--------+--------+--------+-----+--------+

Top non-repeatable levels by time:
     D:1: 801 daAuts
     D:4: 418 daAuts
     D:2: 78 daAuts
